Maple Leafs vs Nordiques

Created - 16 décembre 2021 at 17:19

Goals
1 2 3 OT1 T
Maple Leafs 2 1 0 1 4
Nordiques 1 2 0 0 3
Shots
1 2 3 OT1 T
Maple Leafs 17 10 15 3 45
Nordiques 13 18 9 0 40

1st period

1. Maple Leafs , Mike Hoffman 6 (Kaapo Kakko 5) at 1:30
2. Maple Leafs , Alex Iafallo 9 (Nikolaj Ehlers 17, Mike Hoffman 11) at 9:31
3. Nordiques , Alex Newhook 4 (Zdeno Chara 7, Mathieu Perreault 5) at 18:23

Penalties :
Hampus Lindholm (TOR) for Hooking (Minor) at 4:10

2nd period

4. Maple Leafs , Jesper Bratt 7 (Mike Hoffman 12) at 1:46
5. Nordiques , Vasili Podkolzin 1 (Shayne Gostisbehere 4, Patrick Brown 7) at 13:04
6. Nordiques , Patrick Brown 3 (Zdeno Chara 8, Vasili Podkolzin 1) at 15:09

Penalties :
Zdeno Chara (QUE) for Tripping (Minor) at 9:22

3rd period

No Goal

Penalties :
No Penalty

Overtime #1

7. Maple Leafs , Logan Couture 10 (Alex Iafallo 15, Hampus Lindholm 5) at 2:12

Penalties :
No Penalty

Goalie Stats

Anders Nilsson (TOR), 37 saves from 40 shots - (0,925), W, 2-1-1, 62:12 minutes
Dan Vladar (QUE), 41 saves from 45 shots - (0,911), OTL, 8-8-5, 62:12 minutes

Players Stats for Maple Leafs

Player Name              G  A  P  +/- PIM S  H  SB GA TA FO     MP     PP MP  PK MP  
------------------------------------------------------------------------------------
Alex Iafallo             1  1  2   2  0   3  0  0  1  0  1/2    20:00   0:35   0:00 
Alexander Romanov        0  0  0   0  0   0  2  2  0  0  0/0    16:14   0:35   0:56 
Andrei Svechnikov        0  0  0  -2  0   3  3  0  0  0  0/0    17:18   1:24   0:00 
Ben Hutton               0  0  0   0  0   0  1  1  0  0  0/0    18:41   1:24   0:00 
Blake Comeau             0  0  0   0  0   1  1  0  0  0  0/0     9:29   0:00   0:47 
Brandon Tanev            0  0  0  -2  0   0  4  0  0  0  1/1    17:07   0:00   1:12 
Cam Fowler               0  0  0   0  0   3  1  2  0  2  0/0    26:54   1:24   1:27 
Derek Ryan               0  0  0   0  0   4  0  0  0  0  3/5     9:40   0:00   1:12 
Hampus Lindholm          0  1  1   1  2   0  1  0  0  2  0/0    26:14   0:00   0:00 
Jesper Bratt             1  0  1   1  0   4  2  0  0  0  2/2    14:47   0:35   0:00 
Kaapo Kakko              0  1  1   1  0   0  1  0  0  0  0/0    14:12   0:00   0:00 
Logan Couture            1  0  1  -1  0   10 3  0  2  0  5/14   18:53   0:00   0:47 
Mattias Janmark          0  0  0   0  0   1  1  0  0  1  1/1     8:54   0:00   0:00 
Mike Hoffman             1  2  3   1  0   8  1  0  3  0  5/18   15:24   1:24   0:00 
Mikhail Sergachev        0  0  0   0  0   1  1  1  0  2  0/0    14:18   0:00   0:00 
Nikolaj Ehlers           0  1  1   1  0   7  2  1  1  2  0/1    18:37   1:24   0:00 
Ryan Johansen            0  0  0   1  0   0  3  0  0  0  10/20  18:03   0:35   0:00 
Travis Dermott           0  0  0   0  0   0  0  3  0  1  0/0    19:51   0:35   1:35 

Players Stats for Nordiques

Player Name              G  A  P  +/- PIM S  H  SB GA TA FO     MP     PP MP  PK MP  
------------------------------------------------------------------------------------
Alex Newhook             1  0  1   0  0   2  1  0  0  0  0/1    14:00   0:00   0:00 
Alexander Wennberg       0  0  0  -2  0   2  0  0  0  1  10/13  16:52   1:03   1:02 
C.J. Smith               0  0  0   1  0   1  4  1  0  0  2/2    14:01   0:00   0:00 
Joel Farabee             0  0  0  -1  0   3  1  0  2  0  0/1    14:37   0:56   0:01 
Kirby Dach               0  0  0  -1  0   2  0  0  0  1  1/2    17:39   0:56   1:13 
Lucas Raymond            0  0  0   0  0   2  1  0  2  0  1/2    15:50   1:03   0:00 
Martin Fehervary         0  0  0  -1  0   0  1  0  0  0  0/0    20:00   0:00   1:13 
Mathieu Perreault        0  1  1   0  0   3  0  0  0  1  1/2    14:56   0:56   0:00 
Nils Hoglander           0  0  0  -1  0   4  1  0  0  0  0/0    12:42   0:00   0:00 
Patrick Brown            1  1  2   1  0   4  2  0  0  0  9/14   14:55   0:00   0:45 
Philippe Myers           0  0  0  -1  0   0  1  0  0  1  0/0    18:47   0:00   0:00 
Pius Suter               0  0  0   0  0   0  2  0  0  0  3/10   14:09   0:00   0:00 
Ryan Lindgren            0  0  0   0  0   0  5  0  1  1  0/0    20:26   1:11   0:46 
Sebastian Aho            0  0  0   0  0   5  0  0  0  0  9/16   17:45   1:03   0:57 
Shayne Gostisbehere      0  1  1   0  0   1  0  0  0  0  0/0    20:26   1:11   0:46 
Travis Sanheim           0  0  0   0  0   1  2  1  0  2  0/0    22:20   0:48   1:13 
Vasili Podkolzin         1  1  2   1  0   8  1  0  2  0  0/1    14:01   0:00   0:00 
Zdeno Chara              0  2  2   1  2   2  1  2  3  0  0/0    21:10   0:48   0:00 

3 Stars

1 - Mike Hoffman (TOR)
2 - Alex Iafallo (TOR)
3 - Patrick Brown (QUE)

Power Play

Maple Leafs - 0 on 1 Attempt(s) - 0,00%
Nordiques - 0 on 1 Attempt(s) - 0,00%

Penalty Kill

Maple Leafs - 1 on 1 Attempt(s) - 100,00% - Score 0 goal in Penalty Kill
Nordiques - 1 on 1 Attempt(s) - 100,00% - Score 0 goal in Penalty Kill

Team Stat

Maple Leafs - Hits : 27 - Faceoff Wins : 28 - Blocked Shots : 10 - Penalty Minutes : 2
Nordiques - Hits : 23 - Faceoff Wins : 36 - Blocked Shots : 4 - Penalty Minutes : 2

Official

Referees : Kenny Anderson and Corey Syvret
Linesman : Libor Suchanek and Julien Fournier

Game Notes

Derek Ryan is injured at 15:42 of 3rd period (Bruised Left Leg)

Finance

Level 1 -- Attendance: 5311 (88,52%) -- Ticket Income 424 880 $
Level 2 -- Attendance: 5000 (100,00%) -- Ticket Income 250 000 $
Level 3 -- Attendance: 2000 (100,00%) -- Ticket Income 50 000 $
Level 4 -- Attendance: 4000 (100,00%) -- Ticket Income 40 000 $
Luxury Box -- Attendance: 911 (91,10%) -- Ticket Income 145 760 $
Game was played at the Colisee.
Total Attendance: 17222 (95,68%)
Total Ticket Income: 910 640 $
Other Income: 446 214 $
Total Income: 1 356 854 $

Maple Leafs

5 vs 5 Forward 
   Center                   Left Wing                Right Wing               Time % Phy DF OF 
 1 Ryan Johansen            Alex Iafallo             Nikolaj Ehlers           34     0   1  4  
 2 Logan Couture            Andrei Svechnikov        Brandon Tanev            30     0   1  4  
 3 Mike Hoffman             Jesper Bratt             Kaapo Kakko              26     0   2  3  
 4 Derek Ryan               Blake Comeau             Mattias Janmark          10     0   4  1  

5 vs 5 Defense 
   Defense                  Defense                                           Time % Phy DF OF 
 1 Hampus Lindholm          Cam Fowler                                        40     0   4  1  
 2 Travis Dermott           Ben Hutton                                        30     0   3  2  
 3 Alexander Romanov        Mikhail Sergachev                                 20     0   4  1  
 4 Cam Fowler               Hampus Lindholm                                   10     0   5  0  

PowerPlay Forward 
   Center                   Left Wing                Right Wing               Time % Phy DF OF 
 1 Mike Hoffman             Andrei Svechnikov        Nikolaj Ehlers           60     0   0  5  
 2 Ryan Johansen            Alex Iafallo             Jesper Bratt             40     1   2  2  

PowerPlay Defense
   Defense                  Defense                                           Time % Phy DF OF 
 1 Ben Hutton               Cam Fowler                                        60     0   0  5  
 2 Alexander Romanov        Travis Dermott                                    40     0   2  3  

Penalty Kill 4 Players Forward 
   Center                   Wing                     Time % Phy DF OF 
 1 Derek Ryan               Brandon Tanev            60     1   2  2  
 2 Logan Couture            Blake Comeau             40     1   2  2  

Penalty Kill 4 Players Defense
   Defense                  Defense                  Time % Phy DF OF 
 1 Cam Fowler               Hampus Lindholm          60     1   2  2  
 2 Alexander Romanov        Travis Dermott           40     1   2  2  

Penalty Kill - 3 Players Forward 
   Forward                                           Time % Phy DF OF 
 1 Derek Ryan                                        60     1   2  2  
 2 Brandon Tanev                                     40     1   2  2  

Penalty Kill - 3 Players Defense
   Defense                  Defense                  Time % Phy DF OF 
 1 Ben Hutton               Travis Dermott           60     1   2  2  
 2 Cam Fowler               Alexander Romanov        40     1   2  2  

4 vs 4 Forward 
   Center                   Wing                     Time % Phy DF OF 
 1 Ryan Johansen            Alex Iafallo             60     1   2  2  
 2 Derek Ryan               Andrei Svechnikov        40     1   2  2  

4 vs 4 Defense
   Defense                  Defense                  Time % Phy DF OF 
 1 Hampus Lindholm          Cam Fowler               60     1   2  2  
 2 Alexander Romanov        Travis Dermott           40     1   2  2  

Last Minutes Offensive
   Center                   Left Wing                Right Wing               Defense                  Defense                  
   Logan Couture            Alex Iafallo             Nikolaj Ehlers           Hampus Lindholm          Ben Hutton               

Last Minutes Defensive
   Center                   Left Wing                Right Wing               Defense                  Defense                  
   Logan Couture            Alex Iafallo             Nikolaj Ehlers           Hampus Lindholm          Ben Hutton               

Goaltenders
Starting : Anders Nilsson           
Backup : Jordan Binnington        

Extra Forwards
Normal : Mike Hoffman, Jesper Bratt, Mattias Janmark - PP : Mike Hoffman, Jesper Bratt - PK : Mattias Janmark
Extra Defensemen
Normal : Travis Dermott, Hampus Lindholm, Alexander Romanov - PP : Alexander Romanov - PK : Travis Dermott, Alexander Romanov
Penalty Shots
Nikolaj Ehlers, Mike Hoffman, Logan Couture, Andrei Svechnikov, Alex Iafallo
Custom OT Lines Forwards
Logan Couture, Alex Iafallo, Nikolaj Ehlers, Andrei Svechnikov, Brandon Tanev, Ryan Johansen, Mike Hoffman, Jesper Bratt, Mattias Janmark, Blake Comeau
Custom OT Lines Defensemen
Hampus Lindholm, Cam Fowler, Alexander Romanov, Travis Dermott, Ben Hutton

Scratches
None

Nordiques

5 vs 5 Forward 
   Center                   Left Wing                Right Wing               Time % Phy DF OF 
 1 Sebastian Aho            Lucas Raymond            Kirby Dach               25     1   2  2  
 2 Alexander Wennberg       Joel Farabee             Nils Hoglander           25     1   2  2  
 3 Pius Suter               Alex Newhook             Mathieu Perreault        25     1   2  2  
 4 Patrick Brown            C.J. Smith               Vasili Podkolzin         25     1   2  2  

5 vs 5 Defense 
   Defense                  Defense                                           Time % Phy DF OF 
 1 Zdeno Chara              Travis Sanheim                                    34     1   2  2  
 2 Ryan Lindgren            Shayne Gostisbehere                               33     1   2  2  
 3 Philippe Myers           Martin Fehervary                                  33     1   2  2  
 4 Zdeno Chara              Travis Sanheim                                    0      1   2  2  

PowerPlay Forward 
   Center                   Left Wing                Right Wing               Time % Phy DF OF 
 1 Sebastian Aho            Lucas Raymond            Alexander Wennberg       50     1   2  2  
 2 Kirby Dach               Joel Farabee             Mathieu Perreault        50     1   2  2  

PowerPlay Defense
   Defense                  Defense                                           Time % Phy DF OF 
 1 Zdeno Chara              Travis Sanheim                                    50     1   2  2  
 2 Ryan Lindgren            Shayne Gostisbehere                               50     1   2  2  

Penalty Kill 4 Players Forward 
   Center                   Wing                     Time % Phy DF OF 
 1 Alexander Wennberg       Kirby Dach               50     1   2  2  
 2 Sebastian Aho            Kirby Dach               50     1   2  2  

Penalty Kill 4 Players Defense
   Defense                  Defense                  Time % Phy DF OF 
 1 Zdeno Chara              Travis Sanheim           50     1   2  2  
 2 Ryan Lindgren            Shayne Gostisbehere      50     1   2  2  

Penalty Kill - 3 Players Forward 
   Forward                                           Time % Phy DF OF 
 1 Alexander Wennberg                                50     1   2  2  
 2 Sebastian Aho                                     50     1   2  2  

Penalty Kill - 3 Players Defense
   Defense                  Defense                  Time % Phy DF OF 
 1 Zdeno Chara              Travis Sanheim           50     1   2  2  
 2 Ryan Lindgren            Shayne Gostisbehere      50     1   2  2  

4 vs 4 Forward 
   Center                   Wing                     Time % Phy DF OF 
 1 Sebastian Aho            Lucas Raymond            50     1   2  2  
 2 Alexander Wennberg       Joel Farabee             50     1   2  2  

4 vs 4 Defense
   Defense                  Defense                  Time % Phy DF OF 
 1 Zdeno Chara              Travis Sanheim           50     1   2  2  
 2 Ryan Lindgren            Shayne Gostisbehere      50     1   2  2  

Last Minutes Offensive
   Center                   Left Wing                Right Wing               Defense                  Defense                  
   Sebastian Aho            Lucas Raymond            Alexander Wennberg       Zdeno Chara              Travis Sanheim           

Last Minutes Defensive
   Center                   Left Wing                Right Wing               Defense                  Defense                  
   Sebastian Aho            Lucas Raymond            Alexander Wennberg       Zdeno Chara              Travis Sanheim           

Goaltenders
Starting : Dan Vladar               
Backup : Devan Dubnyk             

Extra Forwards
Normal : Nils Hoglander, Pius Suter, Patrick Brown - PP : Nils Hoglander, Pius Suter - PK : Patrick Brown
Extra Defensemen
Normal : Philippe Myers, Martin Fehervary, Ryan Lindgren - PP : Philippe Myers - PK : Martin Fehervary, Ryan Lindgren
Penalty Shots
Sebastian Aho, Lucas Raymond, Alexander Wennberg, Kirby Dach, Joel Farabee
Custom OT Lines Forwards
Sebastian Aho, Lucas Raymond, Alexander Wennberg, Kirby Dach, Joel Farabee, Mathieu Perreault, Nils Hoglander, Pius Suter, Patrick Brown, Alex Newhook
Custom OT Lines Defensemen
Zdeno Chara, Travis Sanheim, Ryan Lindgren, Shayne Gostisbehere, Philippe Myers

Scratches
C.J. Suess (Healthy), Gabriel Dumont (Healthy), Craig Anderson (Healthy)

% Time on Ice - Maple Leafs

Lines # - Real PCT - Wanted PCT - Time Play
Normal Forward
1 - 31% - 34% - 17:14
2 - 30% - 30% - 16:33
3 - 25% - 26% - 13:48
4 - 15% - 10% - 8:27
Normal Defense
1 - 36% - 40% - 20:27
2 - 32% - 30% - 17:41
3 - 26% - 20% - 14:18
4 - 6% - 10% - 3:36
PP Forward
1 - 71% - 60% - 1:24
2 - 29% - 40% - 0:35
PP Defense
1 - 71% - 60% - 1:24
2 - 29% - 40% - 0:35
PK Forward
1 - 61% - 60% - 1:12
2 - 39% - 40% - 0:47
PK Defense
1 - 73% - 60% - 1:27
2 - 27% - 40% - 0:32
PK3 Forward
1 - 0% - 60%
2 - 0% - 40%
PK3 Defense
1 - 0% - 60%
2 - 0% - 40%
44 Forward
1 - 0% - 60%
2 - 0% - 40%
44 Defense
1 - 0% - 60%
2 - 0% - 40%
Last Minute Offensive  - 0:00
Last Minute Defensive  - 0:00
Total
Forward - 60:00
Defense - 60:00

% Time on Ice - Nordiques

Lines # - Real PCT - Wanted PCT - Time Play
Normal Forward
1 - 25% - 25% - 14:12
2 - 25% - 25% - 13:49
3 - 25% - 25% - 14:00
4 - 25% - 25% - 14:01
Normal Defense
1 - 33% - 34% - 18:46
2 - 33% - 33% - 18:29
3 - 34% - 33% - 18:47
4 - 0% - 0% - 0:00
PP Forward
1 - 53% - 50% - 1:03
2 - 47% - 50% - 0:56
PP Defense
1 - 40% - 50% - 0:48
2 - 60% - 50% - 1:11
PK Forward
1 - 52% - 50% - 1:02
2 - 48% - 50% - 0:57
PK Defense
1 - 61% - 50% - 1:13
2 - 39% - 50% - 0:46
PK3 Forward
1 - 0% - 50%
2 - 0% - 50%
PK3 Defense
1 - 0% - 50%
2 - 0% - 50%
44 Forward
1 - 0% - 50%
2 - 0% - 50%
44 Defense
1 - 0% - 50%
2 - 0% - 50%
Last Minute Offensive  - 0:00
Last Minute Defensive  - 0:00
Total
Forward - 60:00
Defense - 60:00

Play-by-Play

1st period


0:01 of 1st period - Lucas Raymond wins face-off versus Ryan Johansen in neutral zone.
0:10 of 1st period - Wrist shot by Sebastian Aho.
0:10 of 1st period - Stopped by Anders Nilsson with a rebound.
0:48 of 1st period - Slapshot by Jesper Bratt.
0:48 of 1st period - Stopped by Dan Vladar with a rebound.
0:50 of 1st period - Snap shot by Kaapo Kakko.
0:50 of 1st period - Shot Misses the Net.
0:52 of 1st period - Slapshot by Ben Hutton.
0:52 of 1st period - Deflect By Mike Hoffman.
0:52 of 1st period - Shot Blocked by Zdeno Chara.
0:52 of 1st period - Puck is out of play.
0:53 of 1st period - C.J. Smith wins face-off versus Derek Ryan in Nordiques zone.
1:02 of 1st period - Blake Comeau is hit by C.J. Smith and loses puck.
1:07 of 1st period - Snap shot by Vasili Podkolzin.
1:07 of 1st period - Shot Misses the Net.
1:09 of 1st period - Snap shot by Vasili Podkolzin.
1:09 of 1st period - Stopped by Anders Nilsson with a rebound.
1:19 of 1st period - Pius Suter is hit by Jesper Bratt and loses puck.
1:30 of 1st period - Wrist shot by Mike Hoffman.
1:30 of 1st period - Goal by Mike Hoffman - Maple Leafs : 1 - Nordiques : 0.
1:31 of 1st period - Ryan Johansen wins face-off versus Alexander Wennberg in neutral zone.
1:46 of 1st period - Snap shot by Joel Farabee.
1:46 of 1st period - Deflect By Alexander Wennberg.
1:46 of 1st period - Stopped by Anders Nilsson with a rebound.
1:56 of 1st period - Martin Fehervary is hit by Brandon Tanev.
2:06 of 1st period - Snap shot by Vasili Podkolzin.
2:06 of 1st period - Stopped by Anders Nilsson without a rebound.
2:07 of 1st period - Mike Hoffman wins face-off versus Sebastian Aho in Maple Leafs zone.
2:12 of 1st period - Shayne Gostisbehere is hit by Kaapo Kakko and loses puck.
3:25 of 1st period - Slapshot by Derek Ryan.
3:25 of 1st period - Stopped by Dan Vladar without a rebound.
3:26 of 1st period - Ryan Johansen wins face-off versus Lucas Raymond in Nordiques zone.
3:58 of 1st period - Slapshot by Nikolaj Ehlers.
3:58 of 1st period - Stopped by Dan Vladar with a rebound.
4:10 of 1st period - Minor Penalty to Hampus Lindholm for Hooking.
4:11 of 1st period - Derek Ryan wins face-off versus Sebastian Aho in Maple Leafs zone.
4:21 of 1st period - Derek Ryan is hit by Ryan Lindgren.
4:42 of 1st period - Wrist shot by Derek Ryan.
4:42 of 1st period - Stopped by Dan Vladar without a rebound.
4:43 of 1st period - Logan Couture wins face-off versus Joel Farabee in Nordiques zone.
4:50 of 1st period - Snap shot by Logan Couture.
4:50 of 1st period - Stopped by Dan Vladar with a rebound.
5:10 of 1st period - Wrist shot by Kirby Dach.
5:10 of 1st period - Deflect By Joel Farabee.
5:10 of 1st period - Shot Blocked by Travis Dermott.
5:10 of 1st period - Puck is out of play.
5:11 of 1st period - Sebastian Aho wins face-off versus Derek Ryan in Maple Leafs zone.
5:24 of 1st period - Off-side.
5:25 of 1st period - Derek Ryan wins face-off versus Kirby Dach in neutral zone.
5:55 of 1st period - Blake Comeau is hit by Ryan Lindgren and loses puck.
6:06 of 1st period - Derek Ryan is hit by Ryan Lindgren and loses puck.
6:10 of 1st period - Penalty to Hampus Lindholm is over, Hampus Lindholm is back on ice.
6:17 of 1st period - Alexander Romanov is hit by Lucas Raymond and loses puck.
6:30 of 1st period - Alexander Wennberg is hit by Mike Hoffman and loses puck.
6:43 of 1st period - Slapshot by Mathieu Perreault.
6:43 of 1st period - Shot Misses the Net.
6:48 of 1st period - Slapshot by Alex Newhook.
6:48 of 1st period - Shot Misses the Net.
6:52 of 1st period - Slapshot by Alex Newhook.
6:52 of 1st period - Shot Misses the Net.
7:10 of 1st period - Wrist shot by Vasili Podkolzin.
7:10 of 1st period - Stopped by Anders Nilsson without a rebound.
7:11 of 1st period - Logan Couture wins face-off versus Patrick Brown in Maple Leafs zone.
7:18 of 1st period - Slapshot by Andrei Svechnikov.
7:18 of 1st period - Stopped by Dan Vladar with a rebound.
7:20 of 1st period - Wrist shot by Logan Couture.
7:20 of 1st period - Stopped by Dan Vladar without a rebound.
7:21 of 1st period - Pius Suter wins face-off versus Logan Couture in Nordiques zone.
7:21 of 1st period - Pius Suter is hit by Andrei Svechnikov.
7:37 of 1st period - Snap shot by Alex Newhook.
7:37 of 1st period - Stopped by Anders Nilsson without a rebound.
7:38 of 1st period - Alexander Wennberg wins face-off versus Mike Hoffman in Maple Leafs zone.
8:27 of 1st period - Wrist shot by Lucas Raymond.
8:27 of 1st period - Stopped by Anders Nilsson with a rebound.
9:13 of 1st period - Travis Dermott is hit by Joel Farabee.
9:29 of 1st period - Snap shot by Nikolaj Ehlers.
9:29 of 1st period - Stopped by Dan Vladar with a rebound.
9:31 of 1st period - Snap shot by Alex Iafallo.
9:31 of 1st period - Goal by Alex Iafallo - Maple Leafs : 2 - Nordiques : 0.
9:32 of 1st period - Sebastian Aho wins face-off versus Logan Couture in neutral zone.
9:59 of 1st period - Cam Fowler is hit by Pius Suter and loses puck.
10:05 of 1st period - Off-side.
10:06 of 1st period - Ryan Johansen wins face-off versus Pius Suter in neutral zone.
10:51 of 1st period - Snap shot by Nikolaj Ehlers.
10:51 of 1st period - Stopped by Dan Vladar with a rebound.
10:57 of 1st period - Slapshot by Nikolaj Ehlers.
10:57 of 1st period - Stopped by Dan Vladar without a rebound.
10:58 of 1st period - Alexander Wennberg wins face-off versus Mike Hoffman in Nordiques zone.
11:13 of 1st period - Wrist shot by Mike Hoffman.
11:13 of 1st period - Stopped by Dan Vladar with a rebound.
11:52 of 1st period - Slapshot by Mattias Janmark.
11:52 of 1st period - Stopped by Dan Vladar with a rebound.
11:54 of 1st period - Snap shot by Derek Ryan.
11:54 of 1st period - Stopped by Dan Vladar with a rebound.
12:10 of 1st period - Wrist shot by Nils Hoglander.
12:10 of 1st period - Stopped by Anders Nilsson with a rebound.
12:12 of 1st period - Slapshot by Zdeno Chara.
12:12 of 1st period - Stopped by Anders Nilsson with a rebound.
12:43 of 1st period - Snap shot by Mathieu Perreault.
12:43 of 1st period - Stopped by Anders Nilsson with a rebound.
13:13 of 1st period - Off-side.
13:14 of 1st period - Patrick Brown wins face-off versus Mike Hoffman in neutral zone.
13:44 of 1st period - Slapshot by Alex Iafallo.
13:44 of 1st period - Stopped by Dan Vladar with a rebound.
13:46 of 1st period - Snap shot by Cam Fowler.
13:46 of 1st period - Stopped by Dan Vladar with a rebound.
13:52 of 1st period - Wrist shot by Nikolaj Ehlers.
13:52 of 1st period - Shot Blocked by Zdeno Chara.
14:06 of 1st period - Snap shot by Sebastian Aho.
14:06 of 1st period - Shot Misses the Net.
16:31 of 1st period - Mikhail Sergachev is hit by Nils Hoglander and loses puck.
16:42 of 1st period - Alexander Romanov is hit by Ryan Lindgren and loses puck.
16:53 of 1st period - Andrei Svechnikov is hit by Philippe Myers and loses puck.
17:38 of 1st period - Wrist shot by Pius Suter.
17:38 of 1st period - Shot Misses the Net.
17:40 of 1st period - Backhand shot by Philippe Myers.
17:40 of 1st period - Deflect By Pius Suter.
17:40 of 1st period - Shot Blocked by Travis Dermott.
17:40 of 1st period - Puck is out of play.
17:41 of 1st period - Pius Suter wins face-off versus Mike Hoffman in Maple Leafs zone.
18:06 of 1st period - Pius Suter is hit by Brandon Tanev and loses puck.
18:15 of 1st period - Snap shot by Mathieu Perreault.
18:15 of 1st period - Shot Misses the Net.
18:19 of 1st period - Snap shot by Mathieu Perreault.
18:19 of 1st period - Stopped by Anders Nilsson with a rebound.
18:21 of 1st period - Backhand shot by Zdeno Chara.
18:21 of 1st period - Shot Misses the Net.
18:23 of 1st period - Slapshot by Alex Newhook.
18:23 of 1st period - Goal by Alex Newhook - Maple Leafs : 2 - Nordiques : 1.
18:24 of 1st period - Alexander Wennberg wins face-off versus Ryan Johansen in neutral zone.
18:26 of 1st period - Off-side.
18:27 of 1st period - Ryan Johansen wins face-off versus Alexander Wennberg in neutral zone.
18:29 of 1st period - Off-side.
18:30 of 1st period - Alexander Wennberg wins face-off versus Ryan Johansen in neutral zone.
18:39 of 1st period - Snap shot by Nils Hoglander.
18:39 of 1st period - Deflect By Joel Farabee.
18:39 of 1st period - Shot Blocked by Nikolaj Ehlers.
18:39 of 1st period - Puck is out of play.
18:40 of 1st period - Patrick Brown wins face-off versus Ryan Johansen in Maple Leafs zone.
18:51 of 1st period - Wrist shot by Patrick Brown.
18:51 of 1st period - Stopped by Anders Nilsson without a rebound.
18:52 of 1st period - Kirby Dach wins face-off versus Mike Hoffman in Maple Leafs zone.
19:26 of 1st period - Brandon Tanev is hit by Ryan Lindgren and loses puck.
19:31 of 1st period - Snap shot by Patrick Brown.
19:31 of 1st period - Shot Blocked by Ben Hutton.
Goals for this period are 2 for Maple Leafs vs 1 for Nordiques.
Shots for this period are 17 for Maple Leafs vs 13 for Nordiques.

2nd period


0:01 of 2nd period - Sebastian Aho wins face-off versus Ryan Johansen in neutral zone.
0:31 of 2nd period - Snap shot by Andrei Svechnikov.
0:31 of 2nd period - Stopped by Dan Vladar with a rebound.
0:33 of 2nd period - Snap shot by Logan Couture.
0:33 of 2nd period - Stopped by Dan Vladar without a rebound.
0:34 of 2nd period - Mike Hoffman wins face-off versus Vasili Podkolzin in Nordiques zone.
0:37 of 2nd period - Slapshot by Jesper Bratt.
0:37 of 2nd period - Stopped by Dan Vladar with a rebound.
0:39 of 2nd period - Slapshot by Ben Hutton.
0:39 of 2nd period - Shot Misses the Net.
0:41 of 2nd period - Slapshot by Ben Hutton.
0:41 of 2nd period - Shot Blocked by C.J. Smith.
0:45 of 2nd period - Slapshot by Mike Hoffman.
0:45 of 2nd period - Stopped by Dan Vladar with a rebound.
1:22 of 2nd period - Martin Fehervary is hit by Andrei Svechnikov and loses puck.
1:32 of 2nd period - Off-side.
1:33 of 2nd period - Alexander Wennberg wins face-off versus Mike Hoffman in neutral zone.
1:46 of 2nd period - Snap shot by Jesper Bratt.
1:46 of 2nd period - Goal by Jesper Bratt - Maple Leafs : 3 - Nordiques : 1.
1:47 of 2nd period - Ryan Johansen wins face-off versus Patrick Brown in neutral zone.
1:52 of 2nd period - Ryan Lindgren is hit by Hampus Lindholm and loses puck.
1:59 of 2nd period - Slapshot by Shayne Gostisbehere.
1:59 of 2nd period - Shot Blocked by Cam Fowler.
2:01 of 2nd period - Snap shot by Vasili Podkolzin.
2:01 of 2nd period - Stopped by Anders Nilsson with a rebound.
2:03 of 2nd period - Wrist shot by Shayne Gostisbehere.
2:03 of 2nd period - Shot Misses the Net.
2:13 of 2nd period - Ryan Lindgren is hit by Brandon Tanev and loses puck.
2:20 of 2nd period - Wrist shot by Joel Farabee.
2:20 of 2nd period - Deflect By Andrei Svechnikov.
2:20 of 2nd period - Stopped by Anders Nilsson without a rebound.
2:21 of 2nd period - Sebastian Aho wins face-off versus Logan Couture in Maple Leafs zone.
2:46 of 2nd period - Snap shot by Nikolaj Ehlers.
2:46 of 2nd period - Stopped by Dan Vladar with a rebound.
2:56 of 2nd period - Snap shot by Mathieu Perreault.
2:56 of 2nd period - Shot Misses the Net.
3:38 of 2nd period - Slapshot by Patrick Brown.
3:38 of 2nd period - Shot Misses the Net.
3:50 of 2nd period - Kirby Dach is hit by Mattias Janmark.
4:11 of 2nd period - Alex Newhook is hit by Nikolaj Ehlers and loses puck.
4:32 of 2nd period - Snap shot by Joel Farabee.
4:32 of 2nd period - Stopped by Anders Nilsson without a rebound.
4:33 of 2nd period - Alexander Wennberg wins face-off versus Mike Hoffman in Maple Leafs zone.
4:40 of 2nd period - Snap shot by Alexander Wennberg.
4:40 of 2nd period - Stopped by Anders Nilsson with a rebound.
4:47 of 2nd period - Off-side.
4:48 of 2nd period - Patrick Brown wins face-off versus Logan Couture in neutral zone.
4:51 of 2nd period - Ben Hutton is hit by Zdeno Chara and loses puck.
5:04 of 2nd period - Snap shot by Patrick Brown.
5:04 of 2nd period - Stopped by Anders Nilsson without a rebound.
5:05 of 2nd period - Sebastian Aho wins face-off versus Ryan Johansen in Maple Leafs zone.
5:13 of 2nd period - Off-side.
5:14 of 2nd period - Ryan Johansen wins face-off versus Sebastian Aho in neutral zone.
5:25 of 2nd period - Zdeno Chara is hit by Nikolaj Ehlers.
5:56 of 2nd period - Wrist shot by Sebastian Aho.
5:56 of 2nd period - Stopped by Anders Nilsson without a rebound.
5:57 of 2nd period - Brandon Tanev wins face-off versus Pius Suter in Maple Leafs zone.
6:31 of 2nd period - Ryan Lindgren is hit by Brandon Tanev and loses puck.
6:40 of 2nd period - Ryan Lindgren is hit by Logan Couture and loses puck.
6:57 of 2nd period - Wrist shot by Logan Couture.
6:57 of 2nd period - Shot Misses the Net.
6:59 of 2nd period - Slapshot by Logan Couture.
6:59 of 2nd period - Deflect By Brandon Tanev.
6:59 of 2nd period - Shot Misses the Net.
6:59 of 2nd period - Puck is out of play.
7:00 of 2nd period - C.J. Smith wins face-off versus Mike Hoffman in Nordiques zone.
7:25 of 2nd period - Hampus Lindholm is hit by Martin Fehervary and loses puck.
7:32 of 2nd period - Wrist shot by Lucas Raymond.
7:32 of 2nd period - Stopped by Anders Nilsson with a rebound.
7:34 of 2nd period - Slapshot by Sebastian Aho.
7:34 of 2nd period - Shot Misses the Net.
7:58 of 2nd period - Snap shot by Nikolaj Ehlers.
7:58 of 2nd period - Stopped by Dan Vladar without a rebound.
7:59 of 2nd period - Patrick Brown wins face-off versus Alex Iafallo in Nordiques zone.
8:24 of 2nd period - C.J. Smith is hit by Logan Couture and loses puck.
8:48 of 2nd period - Wrist shot by Vasili Podkolzin.
8:48 of 2nd period - Shot Misses the Net.
8:50 of 2nd period - Snap shot by Travis Sanheim.
8:50 of 2nd period - Deflect By C.J. Smith.
8:50 of 2nd period - Shot Blocked by Alexander Romanov.
8:50 of 2nd period - Puck is out of play.
8:51 of 2nd period - Pius Suter wins face-off versus Mike Hoffman in Maple Leafs zone.
8:59 of 2nd period - Slapshot by Mathieu Perreault.
8:59 of 2nd period - Shot Misses the Net.
9:16 of 2nd period - Nils Hoglander is hit by Cam Fowler and loses puck.
9:22 of 2nd period - Minor Penalty to Zdeno Chara for Tripping.
9:23 of 2nd period - Alexander Wennberg wins face-off versus Nikolaj Ehlers in Nordiques zone.
9:26 of 2nd period - Off-side.
9:27 of 2nd period - Alexander Wennberg wins face-off versus Mike Hoffman in neutral zone.
9:46 of 2nd period - Snap shot by Kirby Dach.
9:46 of 2nd period - Stopped by Anders Nilsson with a rebound.
9:56 of 2nd period - Snap shot by Nikolaj Ehlers.
9:56 of 2nd period - Shot Misses the Net.
10:18 of 2nd period - Slapshot by Shayne Gostisbehere.
10:18 of 2nd period - Shot Misses the Net.
10:42 of 2nd period - Snap shot by Nikolaj Ehlers.
10:42 of 2nd period - Shot Misses the Net.
10:44 of 2nd period - Wrist shot by Mike Hoffman.
10:44 of 2nd period - Stopped by Dan Vladar with a rebound.
10:46 of 2nd period - Snap shot by Mike Hoffman.
10:46 of 2nd period - Stopped by Dan Vladar without a rebound.
10:47 of 2nd period - Jesper Bratt wins face-off versus Alexander Wennberg in Nordiques zone.
11:22 of 2nd period - Penalty to Zdeno Chara is over, Zdeno Chara is back on ice.
11:58 of 2nd period - Philippe Myers is hit by Blake Comeau and loses puck.
12:15 of 2nd period - Snap shot by Sebastian Aho.
12:15 of 2nd period - Stopped by Anders Nilsson with a rebound.
12:19 of 2nd period - Snap shot by Sebastian Aho.
12:19 of 2nd period - Stopped by Anders Nilsson without a rebound.
12:20 of 2nd period - Ryan Johansen wins face-off versus Pius Suter in Maple Leafs zone.
12:42 of 2nd period - Nikolaj Ehlers is hit by Alex Newhook and loses puck.
12:58 of 2nd period - Snap shot by Patrick Brown.
12:58 of 2nd period - Shot Blocked by Travis Dermott.
13:00 of 2nd period - Wrist shot by Vasili Podkolzin.
13:00 of 2nd period - Shot Misses the Net.
13:02 of 2nd period - Slapshot by Shayne Gostisbehere.
13:02 of 2nd period - Stopped by Anders Nilsson with a rebound.
13:04 of 2nd period - Snap shot by Vasili Podkolzin.
13:04 of 2nd period - Goal by Vasili Podkolzin - Maple Leafs : 3 - Nordiques : 2.
13:05 of 2nd period - Mike Hoffman wins face-off versus Pius Suter in neutral zone.
14:03 of 2nd period - Wrist shot by Joel Farabee.
14:03 of 2nd period - Stopped by Anders Nilsson with a rebound.
14:05 of 2nd period - Wrist shot by Travis Sanheim.
14:05 of 2nd period - Deflect By Joel Farabee.
14:05 of 2nd period - Shot Misses the Net.
14:05 of 2nd period - Puck is out of play.
14:06 of 2nd period - Logan Couture wins face-off versus Sebastian Aho in Maple Leafs zone.
14:14 of 2nd period - Off-side.
14:15 of 2nd period - Logan Couture wins face-off versus Sebastian Aho in neutral zone.
14:57 of 2nd period - Snap shot by Sebastian Aho.
14:57 of 2nd period - Stopped by Anders Nilsson without a rebound.
14:58 of 2nd period - Patrick Brown wins face-off versus Mike Hoffman in Maple Leafs zone.
15:01 of 2nd period - Snap shot by C.J. Smith.
15:01 of 2nd period - Deflect By Vasili Podkolzin.
15:01 of 2nd period - Stopped by Anders Nilsson with a rebound.
15:03 of 2nd period - Slapshot by Zdeno Chara.
15:03 of 2nd period - Stopped by Anders Nilsson with a rebound.
15:05 of 2nd period - Snap shot by Vasili Podkolzin.
15:05 of 2nd period - Stopped by Anders Nilsson with a rebound.
15:07 of 2nd period - Slapshot by Zdeno Chara.
15:07 of 2nd period - Shot Blocked by Cam Fowler.
15:09 of 2nd period - Wrist shot by Patrick Brown.
15:09 of 2nd period - Goal by Patrick Brown - Maple Leafs : 3 - Nordiques : 3.
15:10 of 2nd period - Jesper Bratt wins face-off versus Pius Suter in neutral zone.
15:39 of 2nd period - Wrist shot by Logan Couture.
15:39 of 2nd period - Stopped by Dan Vladar without a rebound.
15:40 of 2nd period - Sebastian Aho wins face-off versus Logan Couture in Nordiques zone.
16:07 of 2nd period - Vasili Podkolzin is hit by Mikhail Sergachev and loses puck.
17:32 of 2nd period - Travis Dermott is hit by Patrick Brown and loses puck.
18:18 of 2nd period - Wrist shot by Mathieu Perreault.
18:18 of 2nd period - Deflect By Pius Suter.
18:18 of 2nd period - Shot Misses the Net.
18:18 of 2nd period - Puck is out of play.
18:19 of 2nd period - Patrick Brown wins face-off versus Ryan Johansen in Maple Leafs zone.
18:28 of 2nd period - Mikhail Sergachev is hit by C.J. Smith.
18:44 of 2nd period - Philippe Myers is hit by Jesper Bratt and loses puck.
Goals for this period are 1 for Maple Leafs vs 2 for Nordiques.
Shots for this period are 10 for Maple Leafs vs 18 for Nordiques.

3rd period


0:01 of 3rd period - Sebastian Aho wins face-off versus Ryan Johansen in neutral zone.
1:10 of 3rd period - Patrick Brown is hit by Alexander Romanov and loses puck.
1:53 of 3rd period - Snap shot by Mathieu Perreault.
1:53 of 3rd period - Stopped by Anders Nilsson with a rebound.
2:23 of 3rd period - Slapshot by Nils Hoglander.
2:23 of 3rd period - Stopped by Anders Nilsson with a rebound.
2:25 of 3rd period - Slapshot by Alexander Wennberg.
2:25 of 3rd period - Shot Misses the Net.
2:37 of 3rd period - Wrist shot by Logan Couture.
2:37 of 3rd period - Deflect By C.J. Smith.
2:37 of 3rd period - Stopped by Dan Vladar with a rebound.
2:41 of 3rd period - Snap shot by Andrei Svechnikov.
2:41 of 3rd period - Stopped by Dan Vladar with a rebound.
2:51 of 3rd period - Hampus Lindholm is hit by C.J. Smith and loses puck.
3:24 of 3rd period - Zdeno Chara is hit by Ben Hutton and loses puck.
5:07 of 3rd period - Nikolaj Ehlers is hit by Vasili Podkolzin and loses puck.
5:35 of 3rd period - Mattias Janmark is hit by Pius Suter and loses puck.
5:53 of 3rd period - Off-side.
5:54 of 3rd period - Alexander Wennberg wins face-off versus Logan Couture in neutral zone.
6:10 of 3rd period - Mikhail Sergachev is hit by Travis Sanheim and loses puck.
6:18 of 3rd period - Wrist shot by Alexander Wennberg.
6:18 of 3rd period - Shot Blocked by Alexander Romanov.
6:20 of 3rd period - Slapshot by Nils Hoglander.
6:20 of 3rd period - Stopped by Anders Nilsson with a rebound.
6:34 of 3rd period - Wrist shot by Nils Hoglander.
6:34 of 3rd period - Shot Misses the Net.
6:48 of 3rd period - Snap shot by Joel Farabee.
6:48 of 3rd period - Shot Misses the Net.
6:50 of 3rd period - Slapshot by Nils Hoglander.
6:50 of 3rd period - Stopped by Anders Nilsson with a rebound.
6:52 of 3rd period - Slapshot by Travis Sanheim.
6:52 of 3rd period - Deflect By Alexander Romanov.
6:52 of 3rd period - Stopped by Anders Nilsson with a rebound.
7:02 of 3rd period - Slapshot by Nils Hoglander.
7:02 of 3rd period - Shot Blocked by Mikhail Sergachev.
7:04 of 3rd period - Wrist shot by Joel Farabee.
7:04 of 3rd period - Shot Misses the Net.
7:06 of 3rd period - Slapshot by Joel Farabee.
7:06 of 3rd period - Shot Misses the Net.
7:17 of 3rd period - Snap shot by Brandon Tanev.
7:17 of 3rd period - Shot Misses the Net.
7:19 of 3rd period - Snap shot by Andrei Svechnikov.
7:19 of 3rd period - Shot Misses the Net.
7:23 of 3rd period - Wrist shot by Logan Couture.
7:23 of 3rd period - Shot Misses the Net.
7:25 of 3rd period - Wrist shot by Brandon Tanev.
7:25 of 3rd period - Shot Misses the Net.
7:27 of 3rd period - Slapshot by Mikhail Sergachev.
7:27 of 3rd period - Stopped by Dan Vladar without a rebound.
7:28 of 3rd period - Ryan Johansen wins face-off versus Mathieu Perreault in Nordiques zone.
7:29 of 3rd period - Wrist shot by Nikolaj Ehlers.
7:29 of 3rd period - Stopped by Dan Vladar with a rebound.
8:12 of 3rd period - Derek Ryan is hit by Travis Sanheim and loses puck.
8:43 of 3rd period - Pius Suter is hit by Ryan Johansen and loses puck.
9:42 of 3rd period - Zdeno Chara is hit by Alexander Romanov and loses puck.
10:46 of 3rd period - Snap shot by Vasili Podkolzin.
10:46 of 3rd period - Shot Misses the Net.
11:26 of 3rd period - Wrist shot by Kirby Dach.
11:26 of 3rd period - Stopped by Anders Nilsson without a rebound.
11:27 of 3rd period - Mattias Janmark wins face-off versus Alex Newhook in Maple Leafs zone.
11:40 of 3rd period - Slapshot by Mattias Janmark.
11:40 of 3rd period - Deflect By Blake Comeau.
11:40 of 3rd period - Stopped by Dan Vladar with a rebound.
11:54 of 3rd period - Patrick Brown is hit by Ryan Johansen and loses puck.
11:59 of 3rd period - Slapshot by Nikolaj Ehlers.
11:59 of 3rd period - Deflect By Alex Iafallo.
11:59 of 3rd period - Stopped by Dan Vladar without a rebound.
12:00 of 3rd period - Alex Iafallo wins face-off versus Patrick Brown in Nordiques zone.
12:29 of 3rd period - Slapshot by Mike Hoffman.
12:29 of 3rd period - Stopped by Dan Vladar without a rebound.
12:30 of 3rd period - Mathieu Perreault wins face-off versus Mike Hoffman in Nordiques zone.
12:51 of 3rd period - Snap shot by Jesper Bratt.
12:51 of 3rd period - Shot Misses the Net.
12:53 of 3rd period - Wrist shot by Mike Hoffman.
12:53 of 3rd period - Stopped by Dan Vladar without a rebound.
12:54 of 3rd period - Ryan Johansen wins face-off versus Sebastian Aho in Nordiques zone.
13:32 of 3rd period - Slapshot by Derek Ryan.
13:32 of 3rd period - Stopped by Dan Vladar with a rebound.
13:46 of 3rd period - Wrist shot by Vasili Podkolzin.
13:46 of 3rd period - Stopped by Anders Nilsson without a rebound.
13:47 of 3rd period - Ryan Johansen wins face-off versus Patrick Brown in Maple Leafs zone.
13:55 of 3rd period - Icing by Martin Fehervary.
13:56 of 3rd period - Patrick Brown wins face-off versus Ryan Johansen in Nordiques zone.
14:19 of 3rd period - Snap shot by Patrick Brown.
14:19 of 3rd period - Stopped by Anders Nilsson without a rebound.
14:20 of 3rd period - Alexander Wennberg wins face-off versus Logan Couture in Maple Leafs zone.
14:35 of 3rd period - Travis Sanheim is hit by Logan Couture and loses puck.
15:11 of 3rd period - Slapshot by Alex Iafallo.
15:11 of 3rd period - Shot Hit the Post.
15:40 of 3rd period - Backhand shot by C.J. Smith.
15:40 of 3rd period - Stopped by Anders Nilsson without a rebound.
15:41 of 3rd period - Derek Ryan wins face-off versus Patrick Brown in Maple Leafs zone.
15:41 of 3rd period - Derek Ryan is hit by C.J. Smith.
15:42 of 3rd period - Derek Ryan from Maple Leafs is injured at 15:42 of 3rd period (Bruised Left Leg).
15:43 of 3rd period - Mike Hoffman wins face-off versus Pius Suter in Maple Leafs zone.
15:50 of 3rd period - Slapshot by Cam Fowler.
15:50 of 3rd period - Stopped by Dan Vladar with a rebound.
15:52 of 3rd period - Snap shot by Mike Hoffman.
15:52 of 3rd period - Deflect By Mathieu Perreault.
15:52 of 3rd period - Shot Misses the Net.
15:52 of 3rd period - Puck is out of play.
15:53 of 3rd period - Mike Hoffman wins face-off versus Pius Suter in Nordiques zone.
16:48 of 3rd period - Wrist shot by Mike Hoffman.
16:48 of 3rd period - Stopped by Dan Vladar with a rebound.
16:50 of 3rd period - Wrist shot by Jesper Bratt.
16:50 of 3rd period - Shot Misses the Net.
16:52 of 3rd period - Wrist shot by Jesper Bratt.
16:52 of 3rd period - Stopped by Dan Vladar with a rebound.
16:54 of 3rd period - Snap shot by Cam Fowler.
16:54 of 3rd period - Stopped by Dan Vladar without a rebound.
16:55 of 3rd period - Patrick Brown wins face-off versus Ryan Johansen in Nordiques zone.
17:18 of 3rd period - Icing by C.J. Smith.
17:19 of 3rd period - Sebastian Aho wins face-off versus Logan Couture in Nordiques zone.
17:19 of 3rd period - Sebastian Aho is hit by Andrei Svechnikov.
17:45 of 3rd period - Sebastian Aho is hit by Ryan Johansen and loses puck.
18:12 of 3rd period - Wrist shot by Vasili Podkolzin.
18:12 of 3rd period - Shot Misses the Net.
18:36 of 3rd period - Wrist shot by Logan Couture.
18:36 of 3rd period - Stopped by Dan Vladar with a rebound.
18:56 of 3rd period - Backhand shot by Logan Couture.
18:56 of 3rd period - Stopped by Dan Vladar without a rebound.
18:57 of 3rd period - Patrick Brown wins face-off versus Mike Hoffman in Nordiques zone.
19:54 of 3rd period - Mike Hoffman is hit by Patrick Brown and loses puck.
Goals for this period are 0 for Maple Leafs vs 0 for Nordiques.
Shots for this period are 15 for Maple Leafs vs 9 for Nordiques.

Overtime #1


0:01 of 1st overtime period - Sebastian Aho wins face-off versus Logan Couture in neutral zone.
0:13 of 1st overtime period - Slapshot by Hampus Lindholm.
0:13 of 1st overtime period - Shot Misses the Net.
0:15 of 1st overtime period - Snap shot by Logan Couture.
0:15 of 1st overtime period - Stopped by Dan Vladar without a rebound.
0:16 of 1st overtime period - Logan Couture wins face-off versus Sebastian Aho in Nordiques zone.
0:27 of 1st overtime period - Snap shot by Logan Couture.
0:27 of 1st overtime period - Stopped by Dan Vladar with a rebound.
0:45 of 1st overtime period - Snap shot by Kirby Dach.
0:45 of 1st overtime period - Shot Misses the Net.
2:10 of 1st overtime period - Slapshot by Alex Iafallo.
2:10 of 1st overtime period - Shot Blocked by Travis Sanheim.
2:12 of 1st overtime period - Wrist shot by Logan Couture.
2:12 of 1st overtime period - Goal by Logan Couture - Maple Leafs : 4 - Nordiques : 3.
Goals for this period are 1 for Maple Leafs vs 0 for Nordiques.
Shots for this period are 3 for Maple Leafs vs 0 for Nordiques. Output by the SimonT Hockey Simulator (STHS) for Eric Tremblay - Original Page W3C HTML5 Valid
Hockey Simulator - Hockey Simulation - Hockey Manager